Workbook

Sheet Assumptions
B3: Monthly Projections (For 12 months) | N3: Yearly Projections (Next 3 years)
A4: Year | B4: FY25 | N4: FY25 | R4: FY26 | V4: FY27 | Z4: FY28
A5: Month | B5: Jan | C5: Feb | D5: Mar | E5: Apr | F5: May | G5: Jun | H5: Jul | I5: Aug | J5: Sep | K5: Oct | L5: Nov | M5: Dec | N5: Q1 | O5: Q2 | P5: Q3 | Q5: Q4 | R5: Q1 | S5: Q2 | T5: Q3 | U5: Q4 | V5: Q1 | W5: Q2 | X5: Q3 | Y5: Q4 | Z5: Q1 | AA5: Q2 | AB5: Q3 | AC5: Q4
A7: Units Growth
A8: Product 1 | B8: 0 | C8: 0 | D8: 0 | E8: 0 | F8: 0 | G8: 0 | H8: 0 | I8: 0 | J8: 0 | K8: 0 | L8: 0 | M8: 0 | N8: 0 | O8: 0 | P8: 0 | Q8: 0 | R8: 0 | S8: 0 | T8: 0 | U8: 0 | V8: 0 | W8: 0 | X8: 0 | Y8: 0 | Z8: 0 | AA8: 0 | AB8: 0 | AC8: 0
A9: Product 2 | B9: 0 | C9: 0 | D9: 0 | E9: 0 | F9: 0 | G9: 0 | H9: 0 | I9: 0 | J9: 0 | K9: 0 | L9: 0 | M9: 0 | N9: 0 | O9: 0 | P9: 0 | Q9: 0 | R9: 0 | S9: 0 | T9: 0 | U9: 0 | V9: 0 | W9: 0 | X9: 0 | Y9: 0 | Z9: 0 | AA9: 0 | AB9: 0 | AC9: 0
A10: Product 3 | B10: 0 | C10: 0 | D10: 0 | E10: 0 | F10: 0 | G10: 0 | H10: 0 | I10: 0 | J10: 0 | K10: 0 | L10: 0 | M10: 0 | N10: 0 | O10: 0 | P10: 0 | Q10: 0 | R10: 0 | S10: 0 | T10: 0 | U10: 0 | V10: 0 | W10: 0 | X10: 0 | Y10: 0 | Z10: 0 | AA10: 0 | AB10: 0 | AC10: 0

Sheet Revenue_Projections
B1: Monthly Revenue Projections (For 12 months) | N1: Yearly Revenue Projections (Next 3 years)
A2: Year | B2: FY25 | N2: FY25 | R2: FY26 | V2: FY27 | Z2: FY28
A3: Month | B3: Jan | C3: Feb | D3: Mar | E3: Apr | F3: May | G3: Jun | H3: Jul | I3: Aug | J3: Sep | K3: Oct | L3: Nov | M3: Dec | N3: Q1 | O3: Q2 | P3: Q3 | Q3: Q4 | R3: Q1 | S3: Q2 | T3: Q3 | U3: Q4 | V3: Q1 | W3: Q2 | X3: Q3 | Y3: Q4 | Z3: Q1 | AA3: Q2 | AB3: Q3 | AC3: Q4
A5: Product 1
A6: Units Sold | B6: 100 | C6: 150 | D6: 200 | E6: 250 | F6: 300 | G6: 350 | H6: 400 | I6: 450 | J6: 500 | K6: 550 | L6: 600 | M6: 650 | N6: =SUM(B6:D6) -> 450 | O6: =SUM(E6:G6) -> 900 | P6: =SUM(H6:J6) -> 1350 | Q6: =SUM(K6:M6) -> 1800 | R6: 250 | S6: 2000 | T6: 3500 | U6: 5000 | V6: 250 | W6: 2000 | X6: 3500 | Y6: 5000 | Z6: 250 | AA6: 2000 | AB6: 3500 | AC6: 5000
A7: Price per Unit | B7: 50 | C7: 50 | D7: 50 | E7: 50 | F7: 50 | G7: 50 | H7: 50 | I7: 50 | J7: 50 | K7: 50 | L7: 50 | M7: 50 | N7: =AVERAGE(B7:D7) -> 50 | O7: =AVERAGE(E7:G7) -> 50 | P7: =AVERAGE(H7:J7) -> 50 | Q7: =AVERAGE(K7:M7) -> 50 | R7: 50 | S7: 50 | T7: 50 | U7: 50 | V7: 50 | W7: 50 | X7: 50 | Y7: 50 | Z7: 50 | AA7: 50 | AB7: 50 | AC7: 50
A8: Revenue | B8: =B6*B7 -> 5000 | C8: =C6*C7 -> 7500 | D8: =D6*D7 -> 10000 | E8: =E6*E7 -> 12500 | F8: =F6*F7 -> 15000 | G8: =G6*G7 -> 17500 | H8: =H6*H7 -> 20000 | I8: =I6*I7 -> 22500 | ... AC8: =AC6*AC7 -> 250000
A10: Product 2
A11: Units Sold | B11: 100 | C11: 150 | D11: 200 | E11: 250 | F11: 300 | G11: 350 | H11: 400 | I11: 450 | J11: 500 | K11: 550 | L11: 600 | M11: 650 | N11: =SUM(B11:D11) -> 450 | O11: =SUM(E11:G11) -> 900 | P11: =SUM(H11:J11) -> 1350 | Q11: =SUM(K11:M11) -> 1800 | R11: 250 | S11: 2000 | T11: 3500 | U11: 5000 | V11: 250 | W11: 2000 | X11: 3500 | Y11: 5000 | Z11: 250 | AA11: 2000 | AB11: 3500 | AC11: 5000
A12: Price per Unit | B12: 50 | C12: 50 | D12: 50 | E12: 50 | F12: 50 | G12: 50 | H12: 50 | I12: 50 | J12: 50 | K12: 50 | L12: 50 | M12: 50 | N12: =AVERAGE(B12:D12) -> 50 | O12: =AVERAGE(E12:G12) -> 50 | P12: =AVERAGE(H12:J12) -> 50 | Q12: =AVERAGE(K12:M12) -> 50 | R12: 50 | S12: 50 | T12: 50 | U12: 50 | V12: 50 | W12: 50 | X12: 50 | Y12: 50 | Z12: 50 | AA12: 50 | AB12: 50 | AC12: 50
A13: Revenue | B13: =B11*B12 -> 5000 | C13: =C11*C12 -> 7500 | D13: =D11*D12 -> 10000 | E13: =E11*E12 -> 12500 | F13: =F11*F12 -> 15000 | G13: =G11*G12 -> 17500 | H13: =H11*H12 -> 20000 | I13: =I11*I12 -> 22500 | ... AC13: =AC11*AC12 -> 250000
A15: Product 3
A16: Units Sold | B16: 100 | C16: 150 | D16: 200 | E16: 250 | F16: 300 | G16: 350 | H16: 400 | I16: 450 | J16: 500 | K16: 550 | L16: 600 | M16: 650 | N16: =SUM(B16:D16) -> 450 | O16: =SUM(E16:G16) -> 900 | P16: =SUM(H16:J16) -> 1350 | Q16: =SUM(K16:M16) -> 1800 | R16: 250 | S16: 2000 | T16: 3500 | U16: 5000 | V16: 250 | W16: 2000 | X16: 3500 | Y16: 5000 | Z16: 250 | AA16: 2000 | AB16: 3500 | AC16: 5000
A17: Price per Unit | B17: 50 | C17: 50 | D17: 50 | E17: 50 | F17: 50 | G17: 50 | H17: 50 | I17: 50 | J17: 50 | K17: 50 | L17: 50 | M17: 50 | N17: =AVERAGE(B17:D17) -> 50 | O17: =AVERAGE(E17:G17) -> 50 | P17: =AVERAGE(H17:J17) -> 50 | Q17: =AVERAGE(K17:M17) -> 50 | R17: 50 | S17: 50 | T17: 50 | U17: 50 | V17: 50 | W17: 50 | X17: 50 | Y17: 50 | Z17: 50 | AA17: 50 | AB17: 50 | AC17: 50
A18: Revenue | B18: =B16*B17 -> 5000 | C18: =C16*C17 -> 7500 | D18: =D16*D17 -> 10000 | E18: =E16*E17 -> 12500 | F18: =F16*F17 -> 15000 | G18: =G16*G17 -> 17500 | H18: =H16*H17 -> 20000 | I18: =I16*I17 -> 22500 | ... AC18: =AC16*AC17 -> 250000
A20: Overall
A21: Total Units Sold | B21: =SUM(B16,B11,B6) -> 300 | C21: =SUM(C16,C11,C6) -> 450 | D21: =SUM(D16,D11,D6) -> 600 | E21: =SUM(E16,E11,E6) -> 750 | F21: =SUM(F16,F11,F6) -> 900 | G21: =SUM(G16,G11,G6) -> 1050 | H21: =SUM(H16,H11,H6) -> 1200 | I21: =SUM(I16,I11,I6) -> 1350 | ... AC21: =SUM(AC16,AC11,AC6) -> 15000
A22: Avg Price per Unit | B22: =AVERAGE(B17,B12,B7) -> 50 | C22: =AVERAGE(C17,C12,C7) -> 50 | D22: =AVERAGE(D17,D12,D7) -> 50 | E22: =AVERAGE(E17,E12,E7) -> 50 | F22: =AVERAGE(F17,F12,F7) -> 50 | G22: =AVERAGE(G17,G12,G7) -> 50 | H22: =AVERAGE(H17,H12,H7) -> 50 | I22: =AVERAGE(I17,I12,I7) -> 50 | ... M22: =AVERAGE(M17,M12,M7) -> 50 | N22: =AVERAGE(B22:D22) -> 50 | O22: =AVERAGE(E22:G22) -> 50 | P22: =AVERAGE(H22:J22) -> 50 | Q22: =AVERAGE(K22:M22) -> 50 | R22: =AVERAGE(R17,R12,R7) -> 50 | S22: =AVERAGE(S17,S12,S7) -> 50 | T22: =AVERAGE(T17,T12,T7) -> 50 | U22: =AVERAGE(U17,U12,U7) -> 50 | V22: =AVERAGE(V17,V12,V7) -> 50 | W22: =AVERAGE(W17,W12,W7) -> 50 | X22: =AVERAGE(X17,X12,X7) -> 50 | Y22: =AVERAGE(Y17,Y12,Y7) -> 50 | ... AC22: =AVERAGE(AC17,AC12,AC7) -> 50
A23: Total Revenue | B23: =B21*B22 -> 15000 | C23: =C21*C22 -> 22500 | D23: =D21*D22 -> 30000 | E23: =E21*E22 -> 37500 | F23: =F21*F22 -> 45000 | G23: =G21*G22 -> 52500 | H23: =H21*H22 -> 60000 | I23: =I21*I22 -> 67500 | ... AC23: =AC21*AC22 -> 750000

Sheet COGS
B1: Monthly Cost Projections (For 12 months) | N1: Yearly Cost Projections (Next 3 years)
A2: Year | B2: FY25 | N2: FY25 | R2: FY26 | V2: FY27 | Z2: FY28
A3: Month | B3: Jan | C3: Feb | D3: Mar | E3: Apr | F3: May | G3: Jun | H3: Jul | I3: Aug | J3: Sep | K3: Oct | L3: Nov | M3: Dec | N3: Q1 | O3: Q2 | P3: Q3 | Q3: Q4 | R3: Q1 | S3: Q2 | T3: Q3 | U3: Q4 | V3: Q1 | W3: Q2 | X3: Q3 | Y3: Q4 | Z3: Q1 | AA3: Q2 | AB3: Q3 | AC3: Q4
A5: Product 1
A6: Units Sold | B6: 100 | C6: 150 | D6: 200 | E6: 250 | F6: 300 | G6: 350 | H6: 400 | I6: 450 | J6: 500 | K6: 550 | L6: 600 | M6: 650 | N6: =SUM(B6:D6) -> 450 | O6: =SUM(E6:G6) -> 900 | P6: =SUM(H6:J6) -> 1350 | Q6: =SUM(K6:M6) -> 1800 | R6: 250 | S6: 2000 | T6: 3500 | U6: 5000 | V6: 250 | W6: 2000 | X6: 3500 | Y6: 5000 | Z6: 250 | AA6: 2000 | AB6: 3500 | AC6: 5000
A7: Cost Per Unit | B7: 10 | C7: 10 | D7: 10 | E7: 10 | F7: 10 | G7: 10 | H7: 10 | I7: 10 | J7: 10 | K7: 10 | L7: 10 | M7: 10 | N7: =AVERAGE(B7:D7) -> 10 | O7: =AVERAGE(E7:G7) -> 10 | P7: =AVERAGE(H7:J7) -> 10 | Q7: =AVERAGE(K7:M7) -> 10 | R7: 10 | S7: 10 | T7: 10 | U7: 10 | V7: 10 | W7: 10 | X7: 10 | Y7: 10 | Z7: 10 | AA7: 10 | AB7: 10 | AC7: 10
A8: COGS | B8: =B6*B7 -> 1000 | C8: =C6*C7 -> 1500 | D8: =D6*D7 -> 2000 | E8: =E6*E7 -> 2500 | F8: =F6*F7 -> 3000 | G8: =G6*G7 -> 3500 | H8: =H6*H7 -> 4000 | I8: =I6*I7 -> 4500 | ... AC8: =AC6*AC7 -> 50000
A10: Product 2
A11: Units Sold | B11: 100 | C11: 150 | D11: 200 | E11: 250 | F11: 300 | G11: 350 | H11: 400 | I11: 450 | J11: 500 | K11: 550 | L11: 600 | M11: 650 | N11: =SUM(B11:D11) -> 450 | O11: =SUM(E11:G11) -> 900 | P11: =SUM(H11:J11) -> 1350 | Q11: =SUM(K11:M11) -> 1800 | R11: 250 | S11: 2000 | T11: 3500 | U11: 5000 | V11: 250 | W11: 2000 | X11: 3500 | Y11: 5000 | Z11: 250 | AA11: 2000 | AB11: 3500 | AC11: 5000
A12: Cost Per Unit | B12: 50 | C12: 50 | D12: 50 | E12: 50 | F12: 50 | G12: 50 | H12: 50 | I12: 50 | J12: 50 | K12: 50 | L12: 50 | M12: 50 | N12: =AVERAGE(B12:D12) -> 50 | O12: =AVERAGE(E12:G12) -> 50 | P12: =AVERAGE(H12:J12) -> 50 | Q12: =AVERAGE(K12:M12) -> 50 | R12: 10 | S12: 10 | T12: 10 | U12: 10 | V12: 10 | W12: 10 | X12: 10 | Y12: 10 | Z12: 10 | AA12: 10 | AB12: 10 | AC12: 10
A13: COGS | B13: =B11*B12 -> 5000 | C13: =C11*C12 -> 7500 | D13: =D11*D12 -> 10000 | E13: =E11*E12 -> 12500 | F13: =F11*F12 -> 15000 | G13: =G11*G12 -> 17500 | H13: =H11*H12 -> 20000 | I13: =I11*I12 -> 22500 | ... AC13: =AC11*AC12 -> 50000
A15: Product 3
A16: Units Sold | B16: 100 | C16: 150 | D16: 200 | E16: 250 | F16: 300 | G16: 350 | H16: 400 | I16: 450 | J16: 500 | K16: 550 | L16: 600 | M16: 650 | N16: =SUM(B16:D16) -> 450 | O16: =SUM(E16:G16) -> 900 | P16: =SUM(H16:J16) -> 1350 | Q16: =SUM(K16:M16) -> 1800 | R16: 250 | S16: 2000 | T16: 3500 | U16: 5000 | V16: 250 | W16: 2000 | X16: 3500 | Y16: 5000 | Z16: 250 | AA16: 2000 | AB16: 3500 | AC16: 5000
A17: Cost Per Unit | B17: 50 | C17: 50 | D17: 50 | E17: 50 | F17: 50 | G17: 50 | H17: 50 | I17: 50 | J17: 50 | K17: 50 | L17: 50 | M17: 50 | N17: =AVERAGE(B17:D17) -> 50 | O17: =AVERAGE(E17:G17) -> 50 | P17: =AVERAGE(H17:J17) -> 50 | Q17: =AVERAGE(K17:M17) -> 50 | R17: 10 | S17: 10 | T17: 10 | U17: 10 | V17: 10 | W17: 10 | X17: 10 | Y17: 10 | Z17: 10 | AA17: 10 | AB17: 10 | AC17: 10
A18: COGS | B18: =B16*B17 -> 5000 | C18: =C16*C17 -> 7500 | D18: =D16*D17 -> 10000 | E18: =E16*E17 -> 12500 | F18: =F16*F17 -> 15000 | G18: =G16*G17 -> 17500 | H18: =H16*H17 -> 20000 | I18: =I16*I17 -> 22500 | ... AC18: =AC16*AC17 -> 50000
A20: Overall
A21: Total Units Sold | B21: =SUM(B16,B11,B6) -> 300 | C21: =SUM(C16,C11,C6) -> 450 | D21: =SUM(D16,D11,D6) -> 600 | E21: =SUM(E16,E11,E6) -> 750 | F21: =SUM(F16,F11,F6) -> 900 | G21: =SUM(G16,G11,G6) -> 1050 | H21: =SUM(H16,H11,H6) -> 1200 | I21: =SUM(I16,I11,I6) -> 1350 | ... AC21: =SUM(AC16,AC11,AC6) -> 15000
A22: Avg Cost Per Unit | B22: =AVERAGE(B17,B12,B7) -> 36.666667 | C22: =AVERAGE(C17,C12,C7) -> 36.666667 | D22: =AVERAGE(D17,D12,D7) -> 36.666667 | E22: =AVERAGE(E17,E12,E7) -> 36.666667 | F22: =AVERAGE(F17,F12,F7) -> 36.666667 | G22: =AVERAGE(G17,G12,G7) -> 36.666667 | H22: =AVERAGE(H17,H12,H7) -> 36.666667 | I22: =AVERAGE(I17,I12,I7) -> 36.666667 | ... M22: =AVERAGE(M17,M12,M7) -> 36.666667 | N22: =AVERAGE(B22:D22) -> 36.666667 | O22: =AVERAGE(E22:G22) -> 36.666667 | P22: =AVERAGE(H22:J22) -> 36.666667 | Q22: =AVERAGE(K22:M22) -> 36.666667 | R22: =AVERAGE(R17,R12,R7) -> 10 | S22: =AVERAGE(S17,S12,S7) -> 10 | T22: =AVERAGE(T17,T12,T7) -> 10 | U22: =AVERAGE(U17,U12,U7) -> 10 | V22: =AVERAGE(V17,V12,V7) -> 10 | W22: =AVERAGE(W17,W12,W7) -> 10 | X22: =AVERAGE(X17,X12,X7) -> 10 | Y22: =AVERAGE(Y17,Y12,Y7) -> 10 | ... AC22: =AVERAGE(AC17,AC12,AC7) -> 10
A23: Total COGS | B23: =B21*B22 -> 11000 | C23: =C21*C22 -> 16500 | D23: =D21*D22 -> 22000 | E23: =E21*E22 -> 27500 | F23: =F21*F22 -> 33000 | G23: =G21*G22 -> 38500 | H23: =H21*H22 -> 44000 | I23: =I21*I22 -> 49500 | ... AC23: =AC21*AC22 -> 150000

Sheet Fixed
B1: Monthly Cost Projections (For 12 months) | N1: Yearly Cost Projections (Next 3 years)
A2: Year | B2: FY25 | N2: FY25 | R2: FY26 | V2: FY27 | Z2: FY28
A3: Month | B3: Jan | C3: Feb | D3: Mar | E3: Apr | F3: May | G3: Jun | H3: Jul | I3: Aug | J3: Sep | K3: Oct | L3: Nov | M3: Dec | N3: Q1 | O3: Q2 | P3: Q3 | Q3: Q4 | R3: Q1 | S3: Q2 | T3: Q3 | U3: Q4 | V3: Q1 | W3: Q2 | X3: Q3 | Y3: Q4 | Z3: Q1 | AA3: Q2 | AB3: Q3 | AC3: Q4
A5: Employee Expenses
A6: Employee Group 1 | B6: 100 | C6: 100 | D6: 100 | E6: 100 | F6: 100 | G6: 100 | H6: 100 | I6: 100 | J6: 100 | K6: 100 | L6: 100 | M6: 100 | N6: =SUM(B6:D6) -> 300 | O6: =SUM(E6:G6) -> 300 | P6: =SUM(H6:J6) -> 300 | Q6: =SUM(K6:M6) -> 300 | R6: 100 | S6: 100 | T6: 100 | U6: 100 | V6: 100 | W6: 100 | X6: 100 | Y6: 100 | Z6: 100 | AA6: 100 | AB6: 100 | AC6: 100
A7: Employee Group 2 | B7: 100 | C7: 100 | D7: 100 | E7: 100 | F7: 100 | G7: 100 | H7: 100 | I7: 100 | J7: 100 | K7: 100 | L7: 100 | M7: 100 | N7: =SUM(B7:D7) -> 300 | O7: =SUM(E7:G7) -> 300 | P7: =SUM(H7:J7) -> 300 | Q7: =SUM(K7:M7) -> 300 | R7: 100 | S7: 100 | T7: 100 | U7: 100 | V7: 100 | W7: 100 | X7: 100 | Y7: 100 | Z7: 100 | AA7: 100 | AB7: 100 | AC7: 100
A8: Employee Group 3 | B8: 100 | C8: 100 | D8: 100 | E8: 100 | F8: 100 | G8: 100 | H8: 100 | I8: 100 | J8: 100 | K8: 100 | L8: 100 | M8: 100 | N8: =SUM(B8:D8) -> 300 | O8: =SUM(E8:G8) -> 300 | P8: =SUM(H8:J8) -> 300 | Q8: =SUM(K8:M8) -> 300 | R8: 100 | S8: 100 | T8: 100 | U8: 100 | V8: 100 | W8: 100 | X8: 100 | Y8: 100 | Z8: 100 | AA8: 100 | AB8: 100 | AC8: 100
A9: Employee Group 4 | B9: 100 | C9: 100 | D9: 100 | E9: 100 | F9: 100 | G9: 100 | H9: 100 | I9: 100 | J9: 100 | K9: 100 | L9: 100 | M9: 100 | N9: =SUM(B9:D9) -> 300 | O9: =SUM(E9:G9) -> 300 | P9: =SUM(H9:J9) -> 300 | Q9: =SUM(K9:M9) -> 300 | R9: 100 | S9: 100 | T9: 100 | U9: 100 | V9: 100 | W9: 100 | X9: 100 | Y9: 100 | Z9: 100 | AA9: 100 | AB9: 100 | AC9: 100
A11: Customer Aquisition Expenses
A12: Advertising Expenses | B12: 100 | C12: 100 | D12: 100 | E12: 100 | F12: 100 | G12: 100 | H12: 100 | I12: 100 | J12: 100 | K12: 100 | L12: 100 | M12: 100 | N12: =SUM(B12:D12) -> 300 | O12: =SUM(E12:G12) -> 300 | P12: =SUM(H12:J12) -> 300 | Q12: =SUM(K12:M12) -> 300 | R12: 100 | S12: 100 | T12: 100 | U12: 100 | V12: 100 | W12: 100 | X12: 100 | Y12: 100 | Z12: 100 | AA12: 100 | AB12: 100 | AC12: 100
A13: Sales Expenses | B13: 100 | C13: 100 | D13: 100 | E13: 100 | F13: 100 | G13: 100 | H13: 100 | I13: 100 | J13: 100 | K13: 100 | L13: 100 | M13: 100 | N13: =SUM(B13:D13) -> 300 | O13: =SUM(E13:G13) -> 300 | P13: =SUM(H13:J13) -> 300 | Q13: =SUM(K13:M13) -> 300 | R13: 100 | S13: 100 | T13: 100 | U13: 100 | V13: 100 | W13: 100 | X13: 100 | Y13: 100 | Z13: 100 | AA13: 100 | AB13: 100 | AC13: 100
A15: Other Expenses
A16: Other Expenses 1 | B16: 100 | C16: 100 | D16: 100 | E16: 100 | F16: 100 | G16: 100 | H16: 100 | I16: 100 | J16: 100 | K16: 100 | L16: 100 | M16: 100 | N16: =SUM(B16:D16) -> 300 | O16: =SUM(E16:G16) -> 300 | P16: =SUM(H16:J16) -> 300 | Q16: =SUM(K16:M16) -> 300 | R16: 100 | S16: 100 | T16: 100 | U16: 100 | V16: 100 | W16: 100 | X16: 100 | Y16: 100 | Z16: 100 | AA16: 100 | AB16: 100 | AC16: 100
A17: Other Expenses 2 | B17: 100 | C17: 100 | D17: 100 | E17: 100 | F17: 100 | G17: 100 | H17: 100 | I17: 100 | J17: 100 | K17: 100 | L17: 100 | M17: 100 | N17: =SUM(B17:D17) -> 300 | O17: =SUM(E17:G17) -> 300 | P17: =SUM(H17:J17) -> 300 | Q17: =SUM(K17:M17) -> 300 | R17: 100 | S17: 100 | T17: 100 | U17: 100 | V17: 100 | W17: 100 | X17: 100 | Y17: 100 | Z17: 100 | AA17: 100 | AB17: 100 | AC17: 100
A18: Other Expenses 3 | B18: 100 | C18: 100 | D18: 100 | E18: 100 | F18: 100 | G18: 100 | H18: 100 | I18: 100 | J18: 100 | K18: 100 | L18: 100 | M18: 100 | N18: =SUM(B18:D18) -> 300 | O18: =SUM(E18:G18) -> 300 | P18: =SUM(H18:J18) -> 300 | Q18: =SUM(K18:M18) -> 300 | R18: 100 | S18: 100 | T18: 100 | U18: 100 | V18: 100 | W18: 100 | X18: 100 | Y18: 100 | Z18: 100 | AA18: 100 | AB18: 100 | AC18: 100
A20: Overall Expenses
A21: Employee Expenses | B21: =SUM(B6:B9) -> 400 | C21: =SUM(C6:C9) -> 400 | D21: =SUM(D6:D9) -> 400 | E21: =SUM(E6:E9) -> 400 | F21: =SUM(F6:F9) -> 400 | G21: =SUM(G6:G9) -> 400 | H21: =SUM(H6:H9) -> 400 | I21: =SUM(I6:I9) -> 400 | ... M21: =SUM(M6:M9) -> 400 | N21: =SUM(B21:D21) -> 1200 | O21: =SUM(E21:G21) -> 1200 | P21: =SUM(H21:J21) -> 1200 | Q21: =SUM(K21:M21) -> 1200 | R21: =SUM(R6:R9) -> 400 | S21: =SUM(S6:S9) -> 400 | T21: =SUM(T6:T9) -> 400 | U21: =SUM(U6:U9) -> 400 | V21: =SUM(V6:V9) -> 400 | W21: =SUM(W6:W9) -> 400 | X21: =SUM(X6:X9) -> 400 | Y21: =SUM(Y6:Y9) -> 400 | ... AC21: =SUM(AC6:AC9) -> 400
A22: Customer Aquisition Expenses | B22: =SUM(B12:B13) -> 200 | C22: =SUM(C12:C13) -> 200 | D22: =SUM(D12:D13) -> 200 | E22: =SUM(E12:E13) -> 200 | F22: =SUM(F12:F13) -> 200 | G22: =SUM(G12:G13) -> 200 | H22: =SUM(H12:H13) -> 200 | I22: =SUM(I12:I13) -> 200 | ... M22: =SUM(M12:M13) -> 200 | N22: =SUM(B22:D22) -> 600 | O22: =SUM(E22:G22) -> 600 | P22: =SUM(H22:J22) -> 600 | Q22: =SUM(K22:M22) -> 600 | R22: =SUM(R12:R13) -> 200 | S22: =SUM(S12:S13) -> 200 | T22: =SUM(T12:T13) -> 200 | U22: =SUM(U12:U13) -> 200 | V22: =SUM(V12:V13) -> 200 | W22: =SUM(W12:W13) -> 200 | X22: =SUM(X12:X13) -> 200 | Y22: =SUM(Y12:Y13) -> 200 | ... AC22: =SUM(AC12:AC13) -> 200
A23: Other Expenses | B23: =SUM(B16:B18) -> 300 | C23: =SUM(C16:C18) -> 300 | D23: =SUM(D16:D18) -> 300 | E23: =SUM(E16:E18) -> 300 | F23: =SUM(F16:F18) -> 300 | G23: =SUM(G16:G18) -> 300 | H23: =SUM(H16:H18) -> 300 | I23: =SUM(I16:I18) -> 300 | ... M23: =SUM(M16:M18) -> 300 | N23: =SUM(B23:D23) -> 900 | O23: =SUM(E23:G23) -> 900 | P23: =SUM(H23:J23) -> 900 | Q23: =SUM(K23:M23) -> 900 | R23: =SUM(R16:R18) -> 300 | S23: =SUM(S16:S18) -> 300 | T23: =SUM(T16:T18) -> 300 | U23: =SUM(U16:U18) -> 300 | V23: =SUM(V16:V18) -> 300 | W23: =SUM(W16:W18) -> 300 | X23: =SUM(X16:X18) -> 300 | Y23: =SUM(Y16:Y18) -> 300 | ... AC23: =SUM(AC16:AC18) -> 300
A25: Total Expenses | B25: =SUM(B21:B23) -> 900 | C25: =SUM(C21:C23) -> 900 | D25: =SUM(D21:D23) -> 900 | E25: =SUM(E21:E23) -> 900 | F25: =SUM(F21:F23) -> 900 | G25: =SUM(G21:G23) -> 900 | H25: =SUM(H21:H23) -> 900 | I25: =SUM(I21:I23) -> 900 | ... AC25: =SUM(AC21:AC23) -> 900
A27: D&A Expenses
A28: Depreciation | B28: 50 | C28: 50 | D28: 50 | E28: 50 | F28: 50 | G28: 50 | H28: 50 | I28: 50 | J28: 50 | K28: 50 | L28: 50 | M28: 50 | N28: =SUM(B28:D28) -> 150 | O28: =SUM(E28:G28) -> 150 | P28: =SUM(H28:J28) -> 150 | Q28: =SUM(K28:M28) -> 150 | R28: 50 | S28: 50 | T28: 50 | U28: 50 | V28: 50 | W28: 50 | X28: 50 | Y28: 50 | Z28: 50 | AA28: 50 | AB28: 50 | AC28: 50
A29: Ammortization | B29: 50 | C29: 50 | D29: 50 | E29: 50 | F29: 50 | G29: 50 | H29: 50 | I29: 50 | J29: 50 | K29: 50 | L29: 50 | M29: 50 | N29: =SUM(B29:D29) -> 150 | O29: =SUM(E29:G29) -> 150 | P29: =SUM(H29:J29) -> 150 | Q29: =SUM(K29:M29) -> 150 | R29: 50 | S29: 50 | T29: 50 | U29: 50 | V29: 50 | W29: 50 | X29: 50 | Y29: 50 | Z29: 50 | AA29: 50 | AB29: 50 | AC29: 50
A31: D&A Expenses | B31: =SUM(B28:B29) -> 100 | C31: =SUM(C28:C29) -> 100 | D31: =SUM(D28:D29) -> 100 | E31: =SUM(E28:E29) -> 100 | F31: =SUM(F28:F29) -> 100 | G31: =SUM(G28:G29) -> 100 | H31: =SUM(H28:H29) -> 100 | I31: =SUM(I28:I29) -> 100 | ... AC31: =SUM(AC28:AC29) -> 100
A33: Finance Costs
A34: Interest Paid | B34: 50 | C34: 50 | D34: 50 | E34: 50 | F34: 50 | G34: 50 | H34: 50 | I34: 50 | J34: 50 | K34: 50 | L34: 50 | M34: 50 | N34: =SUM(B34:D34) -> 150 | O34: =SUM(E34:G34) -> 150 | P34: =SUM(H34:J34) -> 150 | Q34: =SUM(K34:M34) -> 150 | R34: 50 | S34: 50 | T34: 50 | U34: 50 | V34: 50 | W34: 50 | X34: 50 | Y34: 50 | Z34: 50 | AA34: 50 | AB34: 50 | AC34: 50
A35: Taxes | B35: 50 | C35: 50 | D35: 50 | E35: 50 | F35: 50 | G35: 50 | H35: 50 | I35: 50 | J35: 50 | K35: 50 | L35: 50 | M35: 50 | N35: =SUM(B35:D35) -> 150 | O35: =SUM(E35:G35) -> 150 | P35: =SUM(H35:J35) -> 150 | Q35: =SUM(K35:M35) -> 150 | R35: 50 | S35: 50 | T35: 50 | U35: 50 | V35: 50 | W35: 50 | X35: 50 | Y35: 50 | Z35: 50 | AA35: 50 | AB35: 50 | AC35: 50
A37: Finance Costs | B37: =SUM(B34:B35) -> 100 | C37: =SUM(C34:C35) -> 100 | D37: =SUM(D34:D35) -> 100 | E37: =SUM(E34:E35) -> 100 | F37: =SUM(F34:F35) -> 100 | G37: =SUM(G34:G35) -> 100 | H37: =SUM(H34:H35) -> 100 | I37: =SUM(I34:I35) -> 100 | ... AC37: =SUM(AC34:AC35) -> 100

Sheet Profits
B1: Monthly Revenue Projections (For 12 months) | N1: Yearly Revenue Projections (Next 3 years)
A2: Year | B2: FY25 | N2: FY25 | R2: FY26 | V2: FY27 | Z2: FY28
A3: Month | B3: Jan | C3: Feb | D3: Mar | E3: Apr | F3: May | G3: Jun | H3: Jul | I3: Aug | J3: Sep | K3: Oct | L3: Nov | M3: Dec | N3: Q1 | O3: Q2 | P3: Q3 | Q3: Q4 | R3: Q1 | S3: Q2 | T3: Q3 | U3: Q4 | V3: Q1 | W3: Q2 | X3: Q3 | Y3: Q4 | Z3: Q1 | AA3: Q2 | AB3: Q3 | AC3: Q4
A5: Revenue
A6: Revenue | B6: =Revenue_Projections!B23 -> 15000 | C6: =Revenue_Projections!C23 -> 22500 | D6: =Revenue_Projections!D23 -> 30000 | E6: =Revenue_Projections!E23 -> 37500 | F6: =Revenue_Projections!F23 -> 45000 | G6: =Revenue_Projections!G23 -> 52500 | H6: =Revenue_Projections!H23 -> 60000 | I6: =Revenue_Projections!I23 -> 67500 | ... AC6: =Revenue_Projections!AC23 -> 750000
A8: CM1
A9: COGS | B9: =COGS!B23 -> 11000 | C9: =COGS!C23 -> 16500 | D9: =COGS!D23 -> 22000 | E9: =COGS!E23 -> 27500 | F9: =COGS!F23 -> 33000 | G9: =COGS!G23 -> 38500 | H9: =COGS!H23 -> 44000 | I9: =COGS!I23 -> 49500 | ... AC9: =COGS!AC23 -> 150000
A10: Gross Margin | B10: =B6-B9 -> 4000 | C10: =C6-C9 -> 6000 | D10: =D6-D9 -> 8000 | E10: =E6-E9 -> 10000 | F10: =F6-F9 -> 12000 | G10: =G6-G9 -> 14000 | H10: =H6-H9 -> 16000 | I10: =I6-I9 -> 18000 | ... AC10: =AC6-AC9 -> 600000
A11: % | B11: =B10/B6 -> 0.26666667 | C11: =C10/C6 -> 0.26666667 | D11: =D10/D6 -> 0.26666667 | E11: =E10/E6 -> 0.26666667 | F11: =F10/F6 -> 0.26666667 | G11: =G10/G6 -> 0.26666667 | H11: =H10/H6 -> 0.26666667 | I11: =I10/I6 -> 0.26666667 | ... AC11: =AC10/AC6 -> 0.8
A13: EBITDA
A14: Expenses | B14: =Fixed!B25 -> 900 | C14: =Fixed!C25 -> 900 | D14: =Fixed!D25 -> 900 | E14: =Fixed!E25 -> 900 | F14: =Fixed!F25 -> 900 | G14: =Fixed!G25 -> 900 | H14: =Fixed!H25 -> 900 | I14: =Fixed!I25 -> 900 | ... AC14: =Fixed!AC25 -> 900
A15: EBITDA Margin | B15: =B10-B14 -> 3100 | C15: =C10-C14 -> 5100 | D15: =D10-D14 -> 7100 | E15: =E10-E14 -> 9100 | F15: =F10-F14 -> 11100 | G15: =G10-G14 -> 13100 | H15: =H10-H14 -> 15100 | I15: =I10-I14 -> 17100 | ... AC15: =AC10-AC14 -> 599100
A16: % | B16: =B15/B6 -> 0.20666667 | C16: =C15/C6 -> 0.22666667 | D16: =D15/D6 -> 0.23666667 | E16: =E15/E6 -> 0.24266667 | F16: =F15/F6 -> 0.24666667 | G16: =G15/G6 -> 0.24952381 | H16: =H15/H6 -> 0.25166667 | I16: =I15/I6 -> 0.25333333 | ... AC16: =AC15/AC6 -> 0.7988
A18: EBIT
A19: D&A Expenses | B19: =Fixed!B31 -> 100 | C19: =Fixed!C31 -> 100 | D19: =Fixed!D31 -> 100 | E19: =Fixed!E31 -> 100 | F19: =Fixed!F31 -> 100 | G19: =Fixed!G31 -> 100 | H19: =Fixed!H31 -> 100 | I19: =Fixed!I31 -> 100 | ... AC19: =Fixed!AC31 -> 100
A20: EBIT Margin | B20: =B15-B19 -> 3000 | C20: =C15-C19 -> 5000 | D20: =D15-D19 -> 7000 | E20: =E15-E19 -> 9000 | F20: =F15-F19 -> 11000 | G20: =G15-G19 -> 13000 | H20: =H15-H19 -> 15000 | I20: =I15-I19 -> 17000 | ... AC20: =AC15-AC19 -> 599000
A21: % | B21: =B20/B6 -> 0.2 | C21: =C20/C6 -> 0.22222222 | D21: =D20/D6 -> 0.23333333 | E21: =E20/E6 -> 0.24 | F21: =F20/F6 -> 0.24444444 | G21: =G20/G6 -> 0.24761905 | H21: =H20/H6 -> 0.25 | I21: =I20/I6 -> 0.25185185 | ... AC21: =AC20/AC6 -> 0.79866667
A23: Profit After Tax
A24: Interest | B24: =Fixed!B34 -> 50 | C24: =Fixed!C34 -> 50 | D24: =Fixed!D34 -> 50 | E24: =Fixed!E34 -> 50 | F24: =Fixed!F34 -> 50 | G24: =Fixed!G34 -> 50 | H24: =Fixed!H34 -> 50 | I24: =Fixed!I34 -> 50 | ... AC24: =Fixed!AC34 -> 50
A25: PBT | B25: =B20-B24 -> 2950 | C25: =C20-C24 -> 4950 | D25: =D20-D24 -> 6950 | E25: =E20-E24 -> 8950 | F25: =F20-F24 -> 10950 | G25: =G20-G24 -> 12950 | H25: =H20-H24 -> 14950 | I25: =I20-I24 -> 16950 | ... AC25: =AC20-AC24 -> 598950
A27: Taxes | B27: =Fixed!B35 -> 50 | C27: =Fixed!C35 -> 50 | D27: =Fixed!D35 -> 50 | E27: =Fixed!E35 -> 50 | F27: =Fixed!F35 -> 50 | G27: =Fixed!G35 -> 50 | H27: =Fixed!H35 -> 50 | I27: =Fixed!I35 -> 50 | ... AC27: =Fixed!AC35 -> 50
A28: PAT | B28: =B25-B27 -> 2900 | C28: =C25-C27 -> 4900 | D28: =D25-D27 -> 6900 | E28: =E25-E27 -> 8900 | F28: =F25-F27 -> 10900 | G28: =G25-G27 -> 12900 | H28: =H25-H27 -> 14900 | I28: =I25-I27 -> 16900 | ... AC28: =AC25-AC27 -> 598900
